 Dungeon Crawl Stone Soup version 0.28-a0-991-g956f0ee3d5 (webtiles) character file.

Game seed: 15848093549704473281

4307 Decritt the Fighter (level 10, -1/94 HPs)
             Began as a Minotaur Monk on Dec 5, 2021.
             Was an Elder of Zin.
             Slain by a wolf (7 damage)
             ... led by Grum
             ... on level 9 of the Dungeon.
             The game lasted 00:12:33 (10510 turns).

Decritt the Fighter (Minotaur Monk)                Turns: 10510, Time: 00:12:34

Health: -1/94      AC: 13    Str: 19    XL:     10   Next: 11%
Magic:  10/10      EV:  7    Int:  7    God:    Zin [****..]
Gold:   436        SH: 11    Dex: 14    Spells: 9/9 levels left

rFire   . . .      SeeInvis .   a - +1 hand axe
rCold   . . .      Faith    .   h - +0 buckler
rNeg    . . .      Spirit   .   e - +0 plate armour
rPois   .          Reflect  +   (helmet restricted)
rElec   .          Harm     .   (no cloak)
rCorr   .          Rampage  .   (no gloves)
Will    .....                   (no boots)
Stlth   ..........              w - amulet of reflection
HPRegen 0.25/turn               (no ring)
MPRegen 0.12/turn               (no ring)

@: no status effects
A: horns 2, retaliatory headbutt
a: Renounce Religion, Recite, Vitalisation, Imprison, Donate Gold


You were on level 9 of the Dungeon.
You worshipped Zin.
Zin was greatly pleased with you.
You visited 2 branches of the dungeon, and saw 10 of its levels.

You collected 484 gold pieces.
You donated 48 gold pieces to Zin.

Inventory:

Hand Weapons
 a - a +1 hand axe (weapon)
 c - a +2 dagger of holy wrath
Missiles
 g - a throwing net (quivered)
 n - 5 boomerangs
Armour
 b - a +0 robe
 e - a +0 plate armour (worn)
 h - a +0 buckler (worn)
Jewellery
 w - an amulet of reflection (around neck)
 x - a ring of magical power
Wands
 s - a wand of mindburst (10)
Scrolls
 d - 5 scrolls of teleportation
 k - 2 scrolls of brand weapon
 p - 2 scrolls of amnesia {unknown}
 q - a scroll of magic mapping {unknown}
Potions
 f - 2 potions of attraction {unknown}
 i - a potion of mutation
 j - 2 potions of haste {unknown}
 m - a potion of might {unknown}
 o - a potion of brilliance {unknown}
 r - 3 potions of curing {unknown}
 v - 2 potions of lignification {unknown}


   Skills:
 * Level 10.4 Fighting
 * Level 10.3 Axes
 * Level 7.5 Armour
 - Level 3.2 Dodging
 - Level 1.5 Stealth
 * Level 7.1 Shields
 + Level 2.6 Invocations


You had 9 spell levels left.
You didn't know any spells.
Your spell library contained the following spells:

 Spells                   Type           Power      Damage    Failure   Level
 Sting                    Tmut/Pois      0%         1d3       100%        1
 Summon Small Mammal      Summ           0%         N/A       100%        1
 Call Canine Familiar     Summ           0%         N/A       100%        3
 Dazzling Flash           Conj/Hex       0%         N/A       100%        3
 Summon Guardian Golem    Hex/Summ       0%         N/A       100%        3
 Animate Dead             Necr           0%         N/A       100%        4
 Iskenderun's Mystic Bla  Conj/Tloc      0%         2d3       100%        4
 Olgreb's Toxic Radiance  Pois           0%         N/A       100%        4
 Borgnjor's Vile Clutch   Necr/Erth      0%         N/A       100%        5
 Death Channel            Necr           0%         N/A       100%        6
 Eringya's Noxious Bog    Tmut/Pois      0%         N/A       100%        6
 Starburst                Conj/Fire      0%         6d3       100%        6
 Discord                  Hex            0%         N/A       100%        8


Dungeon Overview and Level Annotations

Branches:
Dungeon (9/15)             Temple (1/1) D:6            Lair (0/6) D:9
    Orc: D:9-12

Altars:
Ashenzari
Cheibriados
Dithmenos
Elyvilon
Fedhas
Gozag
Hepliaklqana
Kikubaaqudgha
Makhleb
Nemelex Xobeh
Okawaru
Qazlal
Ru
Sif Muna
Trog
Uskayaw
Vehumet
Wu Jian
Xom
Yredelemnul
Zin
The Shining One

Annotations:
D:9 Grum


Innate Abilities, Weirdness & Mutations

You have a pair of horns on your head.
You reflexively headbutt those who attack you in melee.


Message History

* * * LOW HITPOINT WARNING * * *
You block Grum's attack. The wolf bites you!
* * * LOW HITPOINT WARNING * * *
The wolf bites you but does no damage. x2
Grum hits you from afar with a -1 glaive!
* * * LOW HITPOINT WARNING * * *
Okay, then.
As you read the scroll of teleportation, it crumbles to dust.
You feel strangely unstable. The wolf bites you but does no damage.
The wolf bites you.
* * * LOW HITPOINT WARNING * * *
You block Grum's attack. The wolf bites you!
* * * LOW HITPOINT WARNING * * *
The wolf bites you but does no damage.
You feel much better.
The wolf bites you but does no damage. x2
Grum hits you from afar with a -1 glaive.
* * * LOW HITPOINT WARNING * * *
You block the wolf's attack. The wolf bites you but does no damage.
The wolf bites you.
* * * LOW HITPOINT WARNING * * *
The wolf bites you but does no damage.
Your surroundings seem slightly different.
The wolf bites you but does no damage. You block the wolf's attack.
The wolf bites you but does no damage.
Found a potion of heal wounds.
You block the wolf's attack. You block the wolf's attack.
The wolf barely misses you. You block the wolf's attack.
The wolf bites you but does no damage.
The centaur unwields a +0 shortbow.
The centaur hits you but does no damage.
The centaur kicks you but does no damage.
Grum hits you from afar with a -1 glaive!
* * * LOW HITPOINT WARNING * * *
The wolf barely misses you.
There is a stone staircase leading up, spattered with blood here.
The wolf bites you.
* * * LOW HITPOINT WARNING * * *
You block the centaur's attack. The centaur closely misses you.
The wolf bites you but does no damage. The wolf bites you!
You die...

..................... #2# ##...#.
..........)...>.......### #..###
.......................# ##...#.
....................(...###......
....................!............
......###........................
... #.......................
.#... #.......................
###..# ##.....h@................
.#....###......hc###.............
..............g.## ...........
................# ...........
................## ..........
.................###... ....
.......................
.......................
...........#...........


You could see Grum, 2 wolves and a centaur.

Vanquished Creatures
  A troll (D:9)
  6 yaks (D:9)
  3 steam dragons
  2 orc warriors
  2 ice beasts (D:7)
  2 black bears
  An ogre (D:5)
  A necrophage (D:5)
  3 centaurs
  A kobold brigand (D:9)
  3 bullfrogs
  3 scorpions
  A water moccasin zombie (D:5)
  A water moccasin skeleton (D:4)
  3 killer bees (D:7)
  2 vampire bats (D:3)
  A howler monkey (D:8)
  4 bullfrog zombies
  5 centaur zombies
  2 hounds
  2 bullfrog skeletons (D:5)
  2 orc priests
  3 jellies
  An iguana (D:4)
  A scorpion zombie (D:5)
  8 orc wizards
  A killer bee zombie (D:9)
  A hound zombie (D:5)
  2 howler monkey zombies (D:7)
  8 gnolls (D:2)
  A howler monkey skeleton (D:7)
  6 adders
  An ufetubus (D:4)
  An adder skeleton (D:5)
  A worm (D:4)
  A dart slug (D:2)
  14 orcs
  7 endoplasms
  2 giant cockroaches (D:2)
  5 goblins (D:1)
  5 hobgoblins
  5 quokkas
  7 ball pythons
  8 bats (D:3)
  3 frilled lizards
  15 kobolds
  7 rats
165 creatures vanquished.

Vanquished Creatures (others)
  A kobold (D:9)
  A plant (D:2)
2 creatures vanquished.

Grand Total: 167 creatures vanquished

Notes
Turn   | Place    | Note
-------+----------+-------------------------------------------
     0 | D:1      | Decritt the Minotaur Monk began the quest for the Orb.
     0 | D:1      | Reached XP level 1. HP: 19/19 MP: 0/0
     1 | D:1      | Noticed a large abomination
     4 | D:1      | Noticed a shadow dragon
     6 | D:1      | Noticed a tentacled monstrosity
     7 | D:1      | Noticed an iron dragon
     8 | D:1      | Noticed a large abomination
     9 | D:1      | Noticed an orb of fire
    11 | D:1      | Noticed an iron dragon
    11 | D:1      | Noticed a large abomination
    13 | D:1      | Noticed a yellow draconian
    13 | D:1      | Noticed a large abomination
    15 | D:1      | Noticed an iron dragon
    15 | D:1      | Noticed an iron dragon
    17 | D:1      | Noticed a green draconian
    17 | D:1      | Noticed an orb of fire
    17 | D:1      | Noticed a shadow dragon
    19 | D:1      | Noticed a green draconian
    21 | D:1      | Noticed a shadow dragon
   377 | D:1      | Reached XP level 2. HP: 26/27 MP: 1/1
   510 | D:1      | Reached skill level 1 in Armour
   838 | D:2      | Reached XP level 3. HP: 31/34 MP: 2/2
  1297 | D:2      | Got the Catalogue of Ensnaring Venom
  1317 | D:2      | Reached XP level 4. HP: 38/39 MP: 3/3
  1374 | D:2      | Found a faded altar of an unknown god.
  1873 | D:2      | Reached skill level 5 in Fighting
  1879 | D:2      | Reached skill level 5 in Axes
  2350 | D:3      | Reached XP level 5. HP: 42/48 MP: 4/4
  2392 | D:3      | Reached skill level 1 in Shields
  3062 | D:4      | Reached XP level 6. HP: 37/57 MP: 5/5
  4859 | D:5      | Entered Level 5 of the Dungeon
  4904 | D:5      | Reached XP level 7. HP: 58/64 MP: 6/6
  5191 | D:5      | Found a basalt altar of Yredelemnul.
  5681 | D:5      | Reached XP level 8. HP: 72/73 MP: 7/7
  6127 | D:6      | Found a staircase to the Ecumenical Temple.
  6140 | Temple   | Entered the Ecumenical Temple
  6414 | Temple   | Became a worshipper of Zin the Law-Giver
  6414 | Temple   | Reached * piety under Zin
  6414 | Temple   | Reached ** piety under Zin
  6414 | Temple   | Reached *** piety under Zin
  6623 | D:6      | Found a stormy altar of Qazlal.
  6624 | D:6      | Found a shadowy altar of Dithmenos.
  6625 | D:6      | Found a glowing golden altar of the Shining One.
  7172 | D:7      | Reached skill level 5 in Armour
  7340 | D:7      | Found a shimmering blue altar of Sif Muna.
  7341 | D:7      | Found a broken altar of Ashenzari.
  7400 | D:7      | Found an ornate altar of the Wu Jian Council.
  7917 | D:7      | Reached skill level 5 in Shields
  7917 | D:7      | Reached XP level 9. HP: 83/83 MP: 8/8
  8396 | D:8      | Reached skill level 1 in Invocations
  9004 | D:8      | Reached **** piety under Zin
  9683 | D:9      | Found a burning altar of Makhleb.
  9683 | D:9      | Noticed a balrug
  9736 | D:9      | Found a staircase to the Lair.
  9758 | D:9      | Noticed a smoke demon
  9758 | D:9      | Noticed an orange demon
  9789 | D:9      | Reached skill level 10 in Fighting
  9809 | D:9      | Reached skill level 10 in Axes
  9828 | D:9      | HP: 4/85 [yak (9)]
  9840 | D:9      | Reached XP level 10. HP: 9/93 MP: 10/10
  9840 | D:9      | HP: 3/93 [something (6)]
 10437 | D:9      | Found a hide-covered altar of Uskayaw.
 10489 | D:9      | Noticed Grum
 10500 | D:9      | HP: 3/94 [wolf[Grum] (7)]
 10510 | D:9      | Slain by a wolf

Illustrated notes

Levels and vault maps discovered:
D:1:      shiori_arrival_whats_in_store_for_you, layout_rooms
D:2:      layout_basic, shapermc_ecumenical_altar_gd
D:3:      layout_basic, roderic_batcave, grunt_decor_arrowhead
D:4:      layout_cave_pods, minmay_misc_feat_ornament
D:5:      layout_layer_cave, nicolae_yredelemnul_corpse_copse
D:6:      layout_basic, chequers_temple_overflow_statue_of_worship,
          minmay_temple_entry_stoned_glass
D:7:      layout_basic, nzn_wu_jian_contemplation,
          mainiacjoe_overflow_divided_tiny
D:8:      layout_basic
D:9:      layout_big_octagon, nicolae_uskayaw_dance_hall,
          makhleb_altar_promises_db, lair_entry_dummy, uniq_grum
Temple:   nicolae_temple_figure_eight

Skill      XL: |  1  2  3  4  5  6  7  8  9 10 |
---------------+-------------------------------+-----
Fighting       | 4 5 6 7 9 10 | 10.4
Axes           | 4 5 6 7 9 10 | 10.3
Armour         | 1 2 3 4 5 7 |  7.5
Shields        | 1 2 3 5 6 7 |  7.1
Invocations    | 2 |  2.6
Dodging        | |  3.2
Stealth        | |  1.5

Action                   |  1- 3 |  4- 6 |  7- 9 | 10-12 || total
-------------------------+-------+-------+-------+-------++-------
Melee: Dagger            |    64 |       |       |       ||    64
       Hand axe          |     8 |   133 |   403 |    48 ||   592
       Headbutt          |    11 |    26 |   111 |     7 ||   155
  Use: Scroll            |       |     4 |     5 |     1 ||    10
       Potion            |       |       |     1 |     2 ||     3
 Stab: Sleeping          |     2 |     3 |       |       ||     5
Armor: Robe              |     7 |    14 |       |       ||    21
       Plate armour      |       |    13 |   195 |    37 ||   245
Dodge: Dodged            |    54 |    69 |    90 |    19 ||   232
Block: Buckler           |       |    19 |   139 |    37 ||   195
       Reflection        |       |       |     9 |     8 ||    17

Table legend: (Time is in decaauts)
 A = Elapsed time spent in this place.
 B = Non-inter-level travel time spent in this place.
 C = Inter-level travel time spent in this place.
 D = Time resting spent in this place.
 E = Time spent auto-exploring this place.
 F = Levels seen in this place.
 G = Mean time per level.
                   A        B        C        D        E       F      G
               +--------+--------+--------+--------+--------+-----+--------+
         Total |  10456 |  10268 |    188 |   2561 |   6270 |  10 | 1045.6 |
       Dungeon |  10155 |   9993 |    162 |   2561 |   6072 |   9 | 1128.3 |
        Temple |    300 |    274 |     26 |      0 |    198 |   1 |  300.0 |
               +--------+--------+--------+--------+--------+-----+--------+

Top non-repeatable levels by time:
     D:4: 1808 daAuts
     D:8: 1683 daAuts
     D:2: 1392 daAuts
     D:5: 1256 daAuts
     D:7: 1117 daAuts
     D:1: 950 daAuts
     D:3: 716 daAuts
     D:6: 638 daAuts
     D:9: 591 daAuts
  Temple: 300 daAuts
